 Dungeon Crawl Stone Soup version 0.28-a0-1412-gf95308ed99 (webtiles) character file.

Game seed: 9846620923836135438

40 Strat the Caller (level 3, 0/24 HPs)
             Began as a Mummy Summoner on Jan 6, 2022.
             Hit by a stone thrown by a kobold (1 damage)
             ... on level 1 of the Dungeon.
             The game lasted 00:03:20 (1316 turns).

Strat the Caller (Mummy Summoner)                   Turns: 1316, Time: 00:03:21

Health: 0/24       AC:  2    Str: 13    XL:     3   Next: 30%
Magic:  14/16      EV: 12    Int: 14    God:
Gold:   34         SH:  0    Dex: 12    Spells: 5/8 levels left

rFire   x . .      SeeInvis +   a - +0 short sword
rCold   + . .      Faith    .   (no shield)
rNeg    + + +      Spirit   .   d - +0 robe
rPois   ∞          Reflect  .   (no helmet)
rElec   .          Harm     .   (no cloak)
rCorr   .          Rampage  .   (no gloves)
Will    .....                   (no boots)
Stlth   ++........              i - amulet of magic regeneration
HPRegen 0.08/turn               b - ring of magical power
MPRegen 0.55/turn               j - ring of see invisible

@: very slightly contaminated
A: cold resistance 1, negative energy resistance 3, torment resistance 2, heat
vulnerability 1, no potions
a: no special abilities


You were on level 1 of the Dungeon.
You visited 1 branch of the dungeon, and saw 2 of its levels.

You collected 34 gold pieces.

Inventory:

Hand Weapons
 a - a +0 short sword (weapon)
 k - a +0 hunting sling
Missiles
 c - 19 sling bullets
 f - 11 poisoned darts
 l - 24 stones
Armour
 d - a +0 robe (worn)
Jewellery
 b - a ring of magical power (left hand)
 i - an amulet of magic regeneration (around neck)
 j - a ring of see invisible (right hand)
Scrolls
 g - a scroll of vulnerability
 h - a scroll of amnesia
 m - a scroll of blinking


   Skills:
 - Level 1.5 Dodging
 - Level 1.5 Stealth
 + Level 3.4 Spellcasting
 * Level 4.0 Summonings


You had 5 spell levels left.
You knew the following spells:

 Your Spells              Type           Power      Damage    Failure   Level
a - Summon Small Mammal   Summ           52%        N/A       4%          1
b - Call Imp              Summ           13%        N/A       6%          2

Your spell library contained the following spells:

 Spells                   Type           Power      Damage    Failure   Level
 Call Canine Familiar     Summ           13%        N/A       12%         3
 Summon Guardian Golem    Hex/Summ       8%         N/A       26%         3
 Summon Lightning Spire   Summ/Air       8%         N/A       65%         4


Dungeon Overview and Level Annotations

Branches:
Dungeon (2/15)

Altars:


Innate Abilities, Weirdness & Mutations

You are immune to poison.
Your flesh is cold resistant. (rC+)
You are immune to negative energy. (rN+++)
You are immune to unholy pain and torment.
You are vulnerable to heat. (rF-)
You do not drink.


Message History

The bat hits you but does no damage. The adder barely misses you. x2
Casting: Call Imp (safe; 6% risk of failure)
Confirm with . or Enter, or press ? or * to list all spells.
A beastly little devil appears in a puff of flame.
The rat bites you.
* * * LOW HITPOINT WARNING * * *
The adder closely misses you.
You hit the adder.
You kill the adder!
The rat bites you.
* * * LOW HITPOINT WARNING * * *
Your crimson imp hits the rat.
The rat dies!
Your Summonings skill increases to level 4!
The bat hits you but does no damage. The bat hits you.
* * * LOW HITPOINT WARNING * * *
Your crimson imp closely misses the bat.
You see here an adder corpse.
The bat closely misses you.
Something closely misses your crimson imp.
The bat hits you but does no damage.
The kobold throws a stone.
The stone closely misses you.
The bat completely misses your crimson imp.
The bat misses your crimson imp. The bat hits you but does no damage.
Your crimson imp hits the bat but does no damage.
You hit the bat.
You kill the bat!
You swap places.
You see here an adder corpse.
Something completely misses your crimson imp.
There is a stone staircase leading down here.
You swap places.
The kobold throws a stone.
The stone misses your crimson imp. The stone hits you but does no damage.
You see here an adder corpse.
Casting: Call Imp (safe; 6% risk of failure)
Confirm with . or Enter, or press ? or * to list all spells.
You miscast Call Imp.
You are very lightly contaminated with residual magic.
Nothing appears to happen.
The kobold throws a stone.
The stone hits you.
You die...

......
#.......
#......
..... ...#
#b# #..#
#.# ###..#
#.#
#.5..#####
#.#
#@#>.....##
#.#
#.#.####..#
#.# #.K.#
##.# #.#
##### #.#
####.#
#r###.....
#..##.....
##.##.....
#K.#.....
##.#.....


You could see a kobold and a friendly crimson imp (summoned).

Vanquished Creatures
  An adder (D:1)
  A ball python (D:1)
  A giant cockroach (D:2)
  A goblin (D:2)
  A hobgoblin (D:2)
  A jackal (D:2)
  2 bats (D:1)
  2 kobolds
  A rat (D:1)
11 creatures vanquished.

Vanquished Creatures (collateral kills)
  An adder (D:2)
  A worm (D:2)
  2 ball pythons (D:1)
  A goblin (D:2)
  A hobgoblin (D:2)
  A jackal (D:2)
  2 rats
9 creatures vanquished.

Grand Total: 20 creatures vanquished

Notes
Turn   | Place    | Note
-------+----------+-------------------------------------------
     0 | D:1      | Strat the Mummy Summoner began the quest for the Orb.
     0 | D:1      | Reached XP level 1. HP: 13/13 MP: 4/4
   547 | D:2      | Reached XP level 2. HP: 17/19 MP: 6/6
   578 | D:2      | Learned a level 2 spell: Call Imp
  1212 | D:2      | Reached XP level 3. HP: 19/24 MP: 7/7
  1305 | D:1      | Reached skill level 4 in Summonings
  1305 | D:1      | HP: 1/24 [bat (1)]
  1316 | D:1      | Hit by a stone thrown by a kobold

Illustrated notes

Levels and vault maps discovered:
D:1:      scummos_arrival_simple_fountains, layout_basic, serial_glass,
          glass_columns_a, glass_columns_a, serial_shops, shop,
          minmay_octomino_j4
D:2:      layout_basic

Skill      XL: |  1  2  3 |
---------------+----------+-----
Spellcasting   | 3 |  3.4
Summonings     | 4 |  4.0
Dodging        | |  1.5
Stealth        | |  1.5

Action                   || total
-------------------------++-------
Melee: Short sword       ||    54
       Unarmed           ||     6
 Cast: Summon Small Mamm ||    13
       Call Imp          ||     8
  Use: Scroll            ||     3
 Stab: Sleeping          ||     1
Armor: Robe              ||    20
Dodge: Dodged            ||    60

Table legend: (Time is in decaauts)
 A = Elapsed time spent in this place.
 B = Non-inter-level travel time spent in this place.
 C = Inter-level travel time spent in this place.
 D = Time resting spent in this place.
 E = Time spent auto-exploring this place.
 F = Levels seen in this place.
 G = Mean time per level.
                   A        B        C        D        E       F      G
               +--------+--------+--------+--------+--------+-----+--------+
         Total |   1320 |   1320 |      0 |    638 |    370 |   2 |  660.0 |
       Dungeon |   1320 |   1320 |      0 |    638 |    370 |   2 |  660.0 |
               +--------+--------+--------+--------+--------+-----+--------+

Top non-repeatable levels by time:
     D:2: 1116 daAuts
     D:1: 203 daAuts
